 Dungeon Crawl Stone Soup version 0.30-a0-715-gdb4ae3ece1 (webtiles) character file.

Game seed: 9341503432310002893

56 retardedninja the Trooper (level 3, -1/24 HPs)
             Began as a Gargoyle Fighter on Jan 24, 2023.
             Slain by an ogre
             ... wielding a +0 giant club
              (23 damage)
             ... on level 2 of the Dungeon.
             The game lasted 00:01:36 (1221 turns).

retardedninja the Trooper (Gargoyle Fighter)        Turns: 1221, Time: 00:01:37

Health: -1/24      AC: 10    Str: 21    XL:     3   Next: 95%
Magic:  3/3        EV:  9    Int:  8    God:
Gold:   41         SH:  4    Dex:  9    Spells: 2/2 levels left

rFire   . . .      SeeInvis .    a - +0 flail
rCold   . . .      Faith    .    c - +0 buckler
rNeg    + . .      Spirit   .    b - +0 scale mail
rPois   ∞          Reflect  .    (no helmet)
rElec   +          Harm     .    (no cloak)
rCorr   .          Rampage  .    (no gloves)
Will    .....                    (no boots) Stlth
                                 (no amulet)
HPRegen 0.24/turn                (no ring)
MPRegen 0.08/turn                (no ring)

@: mighty
A: sickness immunity, AC +3, negative energy resistance 1, electricity
resistance, torment resistance 1, petrification resistance
a: no special abilities


You were on level 2 of the Dungeon.
You visited 1 branch of the dungeon, and saw 2 of its levels.

You collected 41 gold pieces.

Inventory:

Hand Weapons
 a - a +0 flail (weapon)
Armour
 b - a +0 scale mail (worn)
 c - a +0 buckler (worn)
Scrolls
 e - a scroll of silence {unknown}
 f - a scroll of summoning {unknown}
 g - a scroll of noise {unknown}
 h - a scroll of poison {unknown}
 i - a scroll of brand weapon {unknown}


   Skills:
 + Level 3.8 Fighting
 + Level 2.6 Maces & Flails
 + Level 3.8 Armour
 + Level 3.8 Shields


You had 2 spell levels left.
You didn't know any spells.
Your spell library contained the following spells:

 Spells                   Type           Power      Damage    Failure   Level
 Slow                     Hex            0%         N/A       83%         1
 Confusing Touch          Hex            0%         N/A       99%         3
 Tukima's Dance           Hex            0%         N/A       99%         3
 Vampiric Draining        Necr           0%         2d6       99%         3
 Passage of Golubria      Tloc           0%         N/A       100%        4
 Yara's Violent Unravell  Hex/Tmut       0%         3d3       100%        5


Dungeon Overview and Level Annotations

Branches:
Dungeon (2/15)

Altars:


Innate Abilities, Weirdness & Mutations

You are immune to sickness and miasma.
Your stone body is resilient. (AC +3)
You are immune to poison.
You resist negative energy. (rN+)
You are resistant to electric shocks. (rElec)
You are resistant to unholy torment.
You are immune to petrification.


Message History

You block the frilled lizard's attack.
The goblin shoots a sling bullet.
The sling bullet hits you but does no damage.
Okay, then.
Okay, then.
The goblin shoots a sling bullet.
The sling bullet barely misses you.
The sling bullet closely misses the frilled lizard.
You block the frilled lizard's attack.
The goblin shoots a sling bullet.
The sling bullet hits you. The sling bullet freezes you.
The frilled lizard hisses.
The frilled lizard attacks as you move away!
The frilled lizard bites you.
The frilled lizard bites you but does no damage.
The frilled lizard attacks as you move away!
The frilled lizard bites you but does no damage.
The frilled lizard attacks as you move away!
The frilled lizard barely misses you. The frilled lizard barely misses you.
The frilled lizard attacks as you move away!
The frilled lizard bites you but does no damage.
The ogre closely misses you.
The goblin shoots a sling bullet.
The sling bullet hits you but does no damage.
The frilled lizard barely misses you.
The frilled lizard attacks as you move away!
The frilled lizard bites you but does no damage.
There is a stone staircase leading up here.
You miss the frilled lizard. The frilled lizard barely misses you.
The frilled lizard bites you but does no damage.
The goblin unwields a +0 sling of freezing.
The goblin wields a +0 club.
The goblin completely misses you.
You closely miss the frilled lizard. The frilled lizard bites you.
You block the goblin's attack. The ogre barely misses you.
You feel very mighty all of a sudden.
The frilled lizard completely misses you.
The goblin hits you but does no damage.
You hit the ogre.
The ogre is lightly wounded.
The frilled lizard completely misses you.
The ogre hits you with a +0 giant club!!
Ouch! That really hurt!
You die...

... #.# ..... ##.# .......#
.# #### ... ......# .# ....
..# #....# ##.#### #... #.#
#.... ......
##...##.########.#####...#.#
................†)..........
##......###@....#†......##.#
#........Olg.....##.##.#...
#...##.##.J......#...#.....
#... #.###.....#...........
### #.# #.....#.#...#.##.#
#.###.......##..#.....
##)##..###..........#..
#..#......>...##.##.#..
#.##...####...#........


You could see an ogre, an endoplasm, a goblin and a frilled lizard.

Vanquished Creatures
  An adder (D:2)
  2 worms (D:2)
  A dart slug (D:1)
  3 ball pythons
  5 endoplasms
  A giant cockroach (D:1)
  3 goblins (D:2)
  4 hobgoblins
  3 jackals (D:1)
  3 quokkas (D:1)
  3 bats (D:1)
  A frilled lizard (D:1)
  2 kobolds
  5 rats
37 creatures vanquished.

Notes
Turn   | Place    | Note
-------+----------+-------------------------------------------
     0 | D:1      | retardedninja the Gargoyle Fighter began the quest for the
                  | Orb.
     0 | D:1      | Reached XP level 1. HP: 14/14 MP: 1/1
   135 | D:1      | Found a faded altar of an unknown god.
   314 | D:1      | Reached XP level 2. HP: 19/19 MP: 2/2
   983 | D:1      | Reached XP level 3. HP: 21/23 MP: 3/3
  1193 | D:2      | Noticed an ogre
  1221 | D:2      | Slain by an ogre

Illustrated notes

Levels and vault maps discovered:
D:1:      spicycebolla_arrival_xxxplode, layout_basic,
          ebering_ecumenical_altar_webs, st_stairs_12, minivault_25
D:2:      layout_rooms, hangedman_decor_clover_reticule

Action                     || total
---------------------------++-------
  Melee: Flail             ||   122
    Use: Potion            ||     1
 Armour: Scale mail        ||    72
  Dodge: Dodged            ||    77
  Block: Buckler           ||    39

Table legend: (Time is in decaauts)
 A = Elapsed time spent in this place.
 B = Non-inter-level travel time spent in this place.
 C = Inter-level travel time spent in this place.
 D = Time resting spent in this place.
 E = Time spent auto-exploring this place.
 F = Levels seen in this place.
 G = Mean time per level.
                   A        B        C        D        E       F      G
               +--------+--------+--------+--------+--------+-----+--------+
         Total |   1262 |   1247 |     15 |     76 |    872 |   2 |  631.0 |
       Dungeon |   1262 |   1247 |     15 |     76 |    872 |   2 |  631.0 |
               +--------+--------+--------+--------+--------+-----+--------+

Top non-repeatable levels by time:
     D:1: 1031 daAuts
     D:2: 231 daAuts
